PCL
GRESHAM GOLD SOULS @ DISTRICT 9 PRAWNS
09/17/2027
 
TOP OF THE 1ST
Gresham Gold Souls batting - Pitching for District 9 Prawns : RHP Paul Ewing
Pitching: RHP Paul Ewing
Batting: LHB Ezechiele Bruno 0-0: Ball
1-0: Ball
2-0: Ball
3-0: Base on Balls
Batting: RHB Brian Dixon 0-0: Called Strike
0-1: Foul Ball, location: 2F
0-2: Ball
1-2: Strikes out swinging
Batting: RHB Jim Edgar 0-0: Ball
1-0: Called Strike
1-1: Ball
2-1: Ball
3-1: Fly out, F6 (Line Drive, 6)
Batting: RHB Mario Méndez 0-0: Called Strike
0-1: Ball
1-1: Ball
2-1: Ball
3-1: SINGLE (Flyball, 7LS)
Ezechiele Bruno to second
Batting: LHB Bill Smith 0-0: Ground out U3 (Groundball, 3L)
Top of the 1st over - 0 run(s), 1 hit(s), 0 error(s), 2 left on base; Gresham 0 - District 9 0
BOTTOM OF THE 1ST
District 9 Prawns batting - Pitching for Gresham Gold Souls : RHP José González
Pitching: RHP José González
Batting: RHB Boyd Pittman 0-0: Swinging Strike
0-1: Ball
1-1: Ball
2-1: Ball
3-1: Base on Balls
Batting: RHB José Colón 0-0: Called Strike
0-1: Ball
1-1: Ball
2-1: SINGLE (Flyball, 34D)
Boyd Pittman to second
Runner from 2nd tries for 3rd, SAFE, throw made to third
Batting: LHB Terry Simpson 0-0: Ball
1-0: Foul Ball, location: 2F
1-1: Foul Ball, location: 2F
1-2: Ball
2-2: Foul Ball, location: 2F
2-2: Grounds into double play, 6-4-3 (Groundball, 6M)
Boyd Pittman scores
Batting: RHB Reynold Akker 0-0: Ball
1-0: Ball
2-0: Fly out, F3 (Popup, 3D)
Bottom of the 1st over - 1 run(s), 1 hit(s), 0 error(s), 0 left on base; Gresham 0 - District 9 1
TOP OF THE 2ND
Gresham Gold Souls batting - Pitching for District 9 Prawns : RHP Paul Ewing
Batting: RHB Matt Davidson 0-0: Fly out, F3 (Popup, 34)
Batting: SHB Todd Smith 0-0: Called Strike
0-1: SINGLE (Line Drive, 34)
Batting: RHB Willie Houk 0-0: Ball
1-0: Ball
2-0: Called Strike
2-1: Swinging Strike
2-2: Ball
3-2: Strikes out swinging
Batting: RHB Rob Bailey 0-0: Called Strike
0-1: Ball
Todd Smith steals 2nd base
1-1: Foul Ball, location: 2F
1-2: Foul Ball, location: 2F
1-2: Fly out, F8 (Flyball, 89S)
Top of the 2nd over - 0 run(s), 1 hit(s), 0 error(s), 1 left on base; Gresham 0 - District 9 1
BOTTOM OF THE 2ND
District 9 Prawns batting - Pitching for Gresham Gold Souls : RHP José González
Batting: LHB Mike Davis 0-0: Ball
1-0: Ball
2-0: Ball
3-0: Called Strike
3-1: Base on Balls
Batting: RHB Felipe Jareño 0-0: Ball
Pickoff Throw to First - Out!
1-0: Ball
2-0: Called Strike
2-1: Foul Ball, location: 2F
2-2: SINGLE (Groundball, 56D)
Batting: LHB Leonard Harvey 0-0: Called Strike
0-1: Hit by Pitch
Felipe Jareño to second
Batting: RHB Gil Palmer 0-0: Ball
1-0: 3-RUN HOME RUN (Flyball, 89XD), Distance : 407 ft
Batting: RHB Phil Jacobs 0-0: Ball
1-0: Foul Ball, location: 2F
1-1: Fly out, F9 (Flyball, 9S)
Batting: RHB Boyd Pittman 0-0: Foul Ball, location: 2F
0-1: Ball
1-1: Foul Ball, location: 2F
1-2: Strikes out swinging
Bottom of the 2nd over - 3 run(s), 2 hit(s), 0 error(s), 0 left on base; Gresham 0 - District 9 4
TOP OF THE 3RD
Gresham Gold Souls batting - Pitching for District 9 Prawns : RHP Paul Ewing
Batting: LHB Ezechiele Bruno 0-0: Swinging Strike
0-1: Foul Ball, location: 2F
0-2: Ball
1-2: Ball
2-2: Foul Ball, location: 2F
2-2: Strikes out swinging
Batting: RHB Brian Dixon 0-0: Ball
1-0: Fly out, F8 (Flyball, 8RXD)
Batting: RHB Jim Edgar 0-0: Ball
1-0: Swinging Strike
1-1: Foul Ball, location: 2F
1-2: Strikes out swinging
Top of the 3rd over - 0 run(s), 0 hit(s), 0 error(s), 0 left on base; Gresham 0 - District 9 4
BOTTOM OF THE 3RD
District 9 Prawns batting - Pitching for Gresham Gold Souls : RHP José González
Batting: RHB José Colón 0-0: Ball
1-0: Ball
2-0: Called Strike
2-1: Fly out, F9 (Flyball, 9LM)
Batting: LHB Terry Simpson 0-0: SOLO HOME RUN (Flyball, 9D), Distance : 390 ft
Batting: RHB Reynold Akker 0-0: Ball
1-0: Called Strike
1-1: Ball
2-1: Ball
3-1: Called Strike
3-2: Ground out 3-1 (Groundball, 34S)
Batting: LHB Mike Davis 0-0: Ball
1-0: Ball
2-0: Fly out, F8 (Flyball, 8RD)
Bottom of the 3rd over - 1 run(s), 1 hit(s), 0 error(s), 0 left on base; Gresham 0 - District 9 5
TOP OF THE 4TH
Gresham Gold Souls batting - Pitching for District 9 Prawns : RHP Paul Ewing
Batting: RHB Mario Méndez 0-0: Called Strike
0-1: Ground out 6-3 (Groundball, 6)
Batting: LHB Bill Smith 0-0: Ball
1-0: Foul Ball, location: 2F
1-1: Ground out U3 (Groundball, 34)
Batting: RHB Matt Davidson 0-0: Foul Ball, location: 2F
0-1: Foul Ball, location: 2F
0-2: Ground out 6-3 (Groundball, 6)
Top of the 4th over - 0 run(s), 0 hit(s), 0 error(s), 0 left on base; Gresham 0 - District 9 5
BOTTOM OF THE 4TH
District 9 Prawns batting - Pitching for Gresham Gold Souls : RHP José González
Batting: RHB Felipe Jareño 0-0: Ball
1-0: Fly out, F5 (Line Drive, 56S)
Batting: LHB Leonard Harvey 0-0: Ball
1-0: Foul Ball, location: 2F
1-1: Ball
2-1: Ball
3-1: SINGLE (Groundball, 4D)
Pitching: LHP Shawn Taylor
Batting: RHB Gil Palmer 0-0: Called Strike
0-1: Foul Ball, location: 2F
0-2: Ball
1-2: Ball
2-2: 2-RUN HOME RUN (Flyball, 78XD), Distance : 409 ft
Batting: RHB Phil Jacobs 0-0: Ball
1-0: Ball
2-0: Called Strike
2-1: Ball
3-1: Base on Balls
Batting: RHB Boyd Pittman 0-0: Called Strike
0-1: Called Strike
0-2: Strikes out looking
Batting: RHB José Colón 0-0: Ball
1-0: Called Strike
1-1: Ball
Wild Pitch!
Phil Jacobs to second
2-1: Swinging Strike
2-2: Strikes out swinging, 2-3 out at first.
Bottom of the 4th over - 2 run(s), 2 hit(s), 0 error(s), 1 left on base; Gresham 0 - District 9 7
TOP OF THE 5TH
Gresham Gold Souls batting - Pitching for District 9 Prawns : RHP Paul Ewing
Batting: SHB Todd Smith 0-0: Single, Error in OF, E9, batter to second base
Batting: RHB Willie Houk 0-0: Swinging Strike
0-1: Ball
1-1: Ball
2-1: Called Strike
2-2: Strikes out looking
Batting: RHB Rob Bailey 0-0: Ball
1-0: Called Strike
1-1: Ball
2-1: Called Strike
2-2: Foul Ball, location: 2F
2-2: Strikes out swinging
Batting: LHB Ezechiele Bruno 0-0: Called Strike
0-1: Foul Ball, location: 2F
0-2: Ground out 5-3 (Groundball, 5)
Top of the 5th over - 0 run(s), 1 hit(s), 1 error(s), 1 left on base; Gresham 0 - District 9 7
BOTTOM OF THE 5TH
District 9 Prawns batting - Pitching for Gresham Gold Souls : LHP Shawn Taylor
Batting: LHB Terry Simpson 0-0: Ball
1-0: Ball
2-0: Ball
3-0: Base on Balls
Batting: RHB Reynold Akker 0-0: Ball
1-0: Called Strike
1-1: Grounds into double play, 4-6-3 (Groundball, 4)
Batting: LHB Mike Davis 0-0: Called Strike
0-1: Called Strike
0-2: Strikes out swinging
Bottom of the 5th over - 0 run(s), 0 hit(s), 0 error(s), 0 left on base; Gresham 0 - District 9 7
TOP OF THE 6TH
Gresham Gold Souls batting - Pitching for District 9 Prawns : RHP Paul Ewing
Batting: RHB Brian Dixon 0-0: Foul Ball, location: 2F
0-1: Ground out 5-3 (Groundball, 56)
Batting: RHB Jim Edgar 0-0: Called Strike
0-1: Ground out 5-3 (Groundball, 56S)
Batting: RHB Mario Méndez 0-0: Foul Ball, location: 2F
0-1: Ball
1-1: Ball
2-1: Ground out 4-3 (Groundball, 4)
Top of the 6th over - 0 run(s), 0 hit(s), 0 error(s), 0 left on base; Gresham 0 - District 9 7
BOTTOM OF THE 6TH
District 9 Prawns batting - Pitching for Gresham Gold Souls : LHP Shawn Taylor
Batting: RHB Felipe Jareño 0-0: Fly out, F9 (Flyball, 9LSF)
Batting: LHB Leonard Harvey 0-0: Ground out 3-1 (Groundball, 23)
Batting: RHB Gil Palmer 0-0: Ball
1-0: Foul Ball, location: 2F
1-1: Called Strike
1-2: Ball
2-2: Ball
3-2: Base on Balls
Batting: RHB Phil Jacobs 0-0: Called Strike
0-1: Fly out, F8 (Flyball, 8RS)
Bottom of the 6th over - 0 run(s), 0 hit(s), 0 error(s), 1 left on base; Gresham 0 - District 9 7
TOP OF THE 7TH
Gresham Gold Souls batting - Pitching for District 9 Prawns : RHP Paul Ewing
Batting: LHB Bill Smith 0-0: Called Strike
0-1: Ball
1-1: Ball
2-1: Foul Ball, location: 2F
2-2: Foul Ball, location: 2F
2-2: Foul Ball, location: 2F
2-2: Ball
3-2: Fly out, F8 (Flyball, 8LD)
Batting: RHB Matt Davidson 0-0: Ball
1-0: SINGLE (Line Drive, 4D)
Batting: SHB Todd Smith 0-0: Ball
1-0: SINGLE (Groundball, 4MD)
Matt Davidson to second
Pitching: RHP Juan Gutiérrez
Batting: RHB Willie Houk 0-0: Ball
1-0: Swinging Strike
1-1: Fly out, F6 (Popup, 6D)
Batting: RHB Rob Bailey 0-0: Ball
1-0: Ground out U3 (Groundball, 3L)
Top of the 7th over - 0 run(s), 2 hit(s), 0 error(s), 2 left on base; Gresham 0 - District 9 7
BOTTOM OF THE 7TH
District 9 Prawns batting - Pitching for Gresham Gold Souls : LHP Shawn Taylor
Batting: RHB Boyd Pittman 0-0: Called Strike
0-1: Ball
1-1: Called Strike
1-2: SINGLE (Groundball, 6D)
Batting: RHB José Colón 0-0: Ball
1-0: Ground out 5-3 (Groundball, 56S)
Boyd Pittman to second
Batting: LHB Terry Simpson 0-0: Ball
1-0: Ball
2-0: Foul Ball, location: 2F
2-1: Called Strike
2-2: Fly out, F7 (Flyball, 7S)
Batting: RHB Reynold Akker 0-0: Ball
1-0: Ground out 6-3 (Groundball, 6)
Bottom of the 7th over - 0 run(s), 1 hit(s), 0 error(s), 1 left on base; Gresham 0 - District 9 7
TOP OF THE 8TH
Gresham Gold Souls batting - Pitching for District 9 Prawns : RHP Juan Gutiérrez
Now at 3B: Manuel Cardenas
Now in LF: Donnie Cunningham
Batting: LHB Ezechiele Bruno 0-0: Called Strike
0-1: Foul Ball, location: 2F
0-2: Ball
1-2: Ground out U3 (Groundball, 3)
Batting: RHB Brian Dixon 0-0: Ground out 5-3 (Groundball, 5)
Now at 3B: Jeff Stevenson
Batting: RHB Jim Edgar 0-0: Ball
1-0: Swinging Strike
1-1: Called Strike
1-2: Fly out, F9 (Flyball, 9S)
Top of the 8th over - 0 run(s), 0 hit(s), 0 error(s), 0 left on base; Gresham 0 - District 9 7
BOTTOM OF THE 8TH
District 9 Prawns batting - Pitching for Gresham Gold Souls : LHP Shawn Taylor
Batting: LHB Mike Davis 0-0: Called Strike
0-1: Swinging Strike
0-2: SOLO HOME RUN (Flyball, 78D), Distance : 401 ft
Pitching: RHP León Trevino
Batting: RHB Felipe Jareño 0-0: Fly out, F9 (Flyball, 9LM)
Batting: LHB Leonard Harvey 0-0: Ball
1-0: Called Strike
1-1: Ground out 4-3 (Groundball, 4M)
Batting: RHB Gil Palmer 0-0: Ball
1-0: Ball
2-0: Called Strike
2-1: Ball
3-1: Base on Balls
Batting: RHB Phil Jacobs 0-0: Ball
1-0: Ball
2-0: Called Strike
2-1: Foul Ball, location: 2F
2-2: Foul Ball, location: 2F
2-2: Foul Ball, location: 2F
2-2: Strikes out swinging
Bottom of the 8th over - 1 run(s), 1 hit(s), 0 error(s), 1 left on base; Gresham 0 - District 9 8
TOP OF THE 9TH
Gresham Gold Souls batting - Pitching for District 9 Prawns : RHP Juan Gutiérrez
Batting: RHB Mario Méndez 0-0: Ball
1-0: Ground out 6-3 (Groundball, 6MD)
Batting: LHB Bill Smith 0-0: Ball
1-0: Swinging Strike
1-1: Called Strike
1-2: Ball
2-2: Foul Ball, location: 2F
2-2: Foul Ball, location: 2F
2-2: Foul Ball, location: 2F
2-2: Foul Ball, location: 2F
2-2: Strikes out swinging
Batting: RHB Matt Davidson 0-0: Foul Ball, location: 2F
0-1: Swinging Strike
0-2: Strikes out swinging
Top of the 9th over - 0 run(s), 0 hit(s), 0 error(s), 0 left on base; Gresham 0 - District 9 8
Thursday, March 30th, 2017 - OOTP Baseball 17.12 Build 75